 Dungeon Crawl Stone Soup version 0.20-a0-949-g916514f (webtiles) character file.

52 Shredu92 the Cudgeler (level 4, -1/28 HPs)
             Began as a Kobold Chaos Knight on Apr 4, 2017.
             Slain by Sigmund the sky beast (shapeshifter) (6 damage)
             ... on level 2 of the Dungeon.
             The game lasted 00:02:15 (1374 turns).

Shredu92 the Cudgeler (Kobold Chaos Knight)         Turns: 1374, Time: 00:02:16

Health: -1/28      AC:  7    Str:  9    XL:     4   Next: 8%
Magic:  4/4        EV: 14    Int: 13    God:    Xom [.*....]
Gold:   74         SH:  0    Dex: 15    Spells: 3/3 levels left

rFire    . . .     SeeInvis .   a - +0 mace (chaos)
rCold    . . .     Gourm    .   (shield restricted)
rNeg     . . .     Faith    .   b - +2 leather armour
rPois    .         Spirit   .   (no helmet)
rElec    .         Reflect  .   (no cloak)
rCorr    .         Harm     .   (no gloves)
MR       .....                  f - +1 pair of boots
Stlth    +.........             (no amulet)
Regen    0.1/turn               (no ring)
MPRegen  0.1/turn               (no ring)

@: no status effects
A: blurry vision 1, carnivore 3, high mp 1
a: Renounce Religion


You were on level 2 of the Dungeon.
You worshipped Xom.
You were a plaything of Xom.
You were completely stuffed.

You visited 1 branch of the dungeon, and saw 2 of its levels.

You collected 74 gold pieces.

Inventory:

Hand Weapons
 a - a +0 mace of chaos (weapon)
Armour
 b - a +2 leather armour (worn)
 e - a +0 shield
 f - a +1 pair of boots (worn)
Scrolls
 h - a scroll of remove curse {unknown}
 j - 2 scrolls of identify {unknown}
 k - a scroll of random uselessness {unknown}
 l - a scroll of teleportation {unknown}
Potions
 d - a potion of brilliance {unknown}
 g - 2 potions of might {unknown}
 m - a potion of mutation {unknown}
Comestibles
 c - 2 meat rations
 i - a royal jelly


   Skills:
 - Level 3.2 Fighting
 * Level 4.2 Maces & Flails
 - Level 0.7 Armour
 - Level 2.4 Dodging


You had 3 spell levels left.
You didn't know any spells.

Dungeon Overview and Level Annotations

Branches:
Dungeon (2/15)

Altars:
Sif Muna

Annotations:
D:2 Sigmund


Innate Abilities, Weirdness & Mutations

You are small and have problems with some larger weapons.
You are carnivorous and can eat meat at any time.
Scrolls take you a little longer to read.
You have an increased reservoir of magic. (+10% MP)


Message History

Sigmund hits you but does no damage.
You are too injured to fight recklessly!
Unknown command.
You barely miss Sigmund.
Sigmund is moderately wounded.
Sigmund closely misses you.
You are too injured to fight recklessly!
Unknown command.
You miss Sigmund.
Sigmund is moderately wounded.
Sigmund barely misses you.
You are too injured to fight recklessly!
Unknown command.
You hit Sigmund.
Sigmund is heavily wounded.
Sigmund hits you.
* * * LOW HITPOINT WARNING * * *
Sigmund shocks you.
You die...
Xom laughs nastily!

.## #.# #...# .#
#.##############....
.#
#..†..............###
.# ########........
.# #.####### .#
..######.# .#
#.#........# .#
.....####..#
.########.# #..Y@...#
..........# #.####.##
<####.##..# #... )##
#.# ##### ..# #.# #.#
#.# ### #. #<# #.##.#
..# #.# #. #.# #.##.#
#.# #.# #. #.# #.##.#
#.# #.# #.# #.


You could see Sigmund the sky beast shaped shifter.

Vanquished Creatures
  2 adders (D:2)
  2 dart slugs
  A leopard gecko (D:1)
  5 bats
  4 giant cockroaches
  3 goblins
  4 hobgoblins
  2 kobolds (D:1)
  3 frilled lizards
  2 rats
28 creatures vanquished.

Notes
Turn   | Place    | Note
-------+----------+-------------------------------------------
     0 | D:1      | Shredu92 the Kobold Chaos Knight began the quest for the Orb.
     0 | D:1      | Reached XP level 1. HP: 14/14 MP: 1/1
   169 | D:1      | Reached skill level 3 in Maces & Flails
   173 | D:1      | Reached XP level 2. HP: 16/19 MP: 2/2
   548 | D:1      | Reached XP level 3. HP: 23/23 MP: 3/3
   823 | D:1      | XOM: noise
  1023 | D:2      | XOM: give mutations
  1023 | D:2      | Gained mutation: You are dopey. (Int -2) [Xom's mischief]
  1023 | D:2      | Gained mutation: You have an increased reservoir of magic. (+10% MP) [Xom's mischief]
  1023 | D:2      | Lost mutation: You are dopey. (Int -2) [Xom's mischief]
  1023 | D:2      | Gained mutation: Scrolls take you a little longer to read. [Xom's mischief]
  1054 | D:2      | Reached skill level 4 in Maces & Flails
  1068 | D:2      | Found a deep blue altar of Sif Muna.
  1071 | D:2      | XOM: enchant monster (bad)
  1195 | D:2      | XOM: butterfly on damage
  1214 | D:2      | Reached XP level 4. HP: 24/28 MP: 4/4
  1350 | D:2      | Noticed Sigmund
  1355 | D:2      | Noticed Sigmund
  1355 | D:2      | Sigmund changed into Sigmund the wolf
  1356 | D:2      | Noticed Sigmund
  1356 | D:2      | Sigmund the wolf changed into Sigmund the sky beast
  1356 | D:2      | XOM: polymorph Sigmund the wolf -> Sigmund the sky beast
  1362 | D:2      | XOM: medium Hex miscast
  1374 | D:2      | Slain by Sigmund the sky beast (shapeshifter)

Vault maps used:
D:1:      dpeg_arrival_boxorama
D:2:      overflow_temple_1_default, nicolae_overflow_hidden_temple,
          first_bread, uniq_sigmund

Skill      XL: |  1  2  3 |
---------------+----------+-----
Maces & Flails | 3 4 |  4.2
Fighting       | |  3.2
Armour         | |  0.7
Dodging        | |  2.4

Action                   |  1- 3 |  4- 6 || total
-------------------------+-------+-------++-------
Melee: Mace              |    73 |    28 ||   101
 Stab: Sleeping          |     1 |       ||     1
  Eat: Chunk             |     9 |     1 ||    10
Armor: Leather armour    |    19 |     9 ||    28
Dodge: Dodged            |    59 |    25 ||    84
